 Dungeon Crawl Stone Soup version 0.30-a0-459-g9104f0fc43 (webtiles) character file.

Game seed: 10141627698891020887

120115 flotson the Fighter (level 16, -12/171 HPs)
             Began as a Demonspawn Delver on Dec 15, 2022.
             Was the Champion of Hepliaklqana.
             Mangled by a +6 long sword of holy wrath (15 damage)
             ... animated by Zenata
             ... on level 1 of the Elven Halls.
             The game lasted 01:06:48 (24421 turns).

flotson the Fighter (Demonspawn Delver)            Turns: 24421, Time: 01:06:49

Health: -12/171    AC: 29    Str: 26    XL:     16   Next: 29%
Magic:  0/22       EV: 16    Int: 13    God:    Hepliaklqana [******]
Gold:   973        SH: 18    Dex: 22    Spells: 15/15 levels left

rFire   . . .      SeeInvis .    a - +8 broad axe (vamp)
rCold   . . .      Faith    .    O - +0 tower shield
rNeg    . . .      Spirit   +    R - +4 ring mail {Will+}
rPois   .          Reflect  .    (helmet restricted)
rElec   .          Harm     .    s - +0 cloak
rCorr   +          Rampage  .    N - +0 pair of gloves of the Cartwright {Will+ Stlth+}
Will    +++..                    n - +2 pair of boots {Stlth+}
Stlth   ..........               h - amulet "Luxkath" {rC- Regen+ Str+5 Dex+6}
HPRegen 1.28/turn                m - ring of the Firefly {rCorr Str+3}
MPRegen 0.36/turn                H - ring "Nieddimedi" {rC+ Slay+2}

@: berserking, lethally poisoned (-12 -> -42), sanguine armoured, hasted,
studying 2 skills, very quick
A: reduced essence, antennae 2, spiny 2, magic shield, magic regeneration, magic
link, sanguine armour 3
a: Renounce Religion, Recall Ancestor, Ancestor Identity, Transference, Idealise


You were on level 1 of the Elven Halls.
You worshipped Hepliaklqana.
Hepliaklqana was exalted by your worship.
You visited 5 branches of the dungeon, and saw 24 of its levels.
You also visited: Bailey and Ice Cave.

You collected 3279 gold pieces.
You spent 2306 gold pieces at shops.

Inventory:

Hand Weapons
 a - a +8 vampiric broad axe (weapon)
 b - a +4 hand crossbow of freezing
Missiles
 t - a javelin (quivered)
 w - 2 throwing nets
 y - 15 boomerangs
 B - 4 atropa-tipped darts
 P - 3 datura-tipped darts
Armour
 e - a +4 chain mail of positive energy
 l - +0 ice dragon scales
 n - a +2 pair of boots of stealth (worn)
 s - a +0 cloak (worn)
 E - the +0 pair of boots of the Snake Pit {-Cast rElec rC+ rN++}
   (You found it on level 5 of the Dungeon)

   rC:        It protects you from cold.
   rElec:     It insulates you from electricity.
   rN:        It greatly protects you from negative energy.
   -Cast:     It prevents spellcasting.
 N - the +0 pair of gloves of the Cartwright (worn) {Will+ Stlth+}
   (You found it on level 5 of the Lair of Beasts)

   Will:      It increases your willpower.
   Stlth:     It makes you more stealthy.
 O - a +0 tower shield (worn)
 R - a +4 ring mail of willpower (worn)
 Y - a +3 leather armour of fire resistance
Jewellery
 h - the amulet "Luxkath" (around neck) {rC- Regen+ Str+5 Dex+6}
   (You found it on level 12 of the Dungeon)

   [amulet of regeneration]

   Str:       It affects your strength (+5).
   Dex:       It affects your dexterity (+6).
   rC:        It makes you vulnerable to cold.
   Regen:     It increases your rate of health regeneration.
 m - the ring of the Firefly (left hand) {rCorr Str+3}
   (You found it on level 12 of the Dungeon)

   [ring of resist corrosion]

   Str:       It affects your strength (+3).
   rCorr:     It protects you from acid and corrosion.
 v - a ring of protection from fire
 H - the ring "Nieddimedi" (right hand) {rC+ Slay+2}
   (You found it on level 12 of the Dungeon)

   [ring of protection from cold]

   Slay:      It affects your accuracy & damage with ranged weapons and melee
   (+2).
   rC:        It protects you from cold.
 M - an amulet of reflection
 U - a ring of flight
Wands
 g - a wand of digging (2)
 S - a wand of mindburst (7)
 V - a wand of roots (12)
 X - a wand of paralysis (10)
Scrolls
 c - 13 scrolls of fog
 d - 3 scrolls of fear
 f - 2 scrolls of immolation
 i - 14 scrolls of teleportation
 k - 5 scrolls of torment
 q - 7 scrolls of vulnerability
 z - 4 scrolls of poison
 D - 3 scrolls of blinking
 L - 5 scrolls of enchant armour
 T - a scroll of magic mapping
 W - 2 scrolls of butterflies
Potions
 o - 3 potions of ambrosia
 p - 3 potions of attraction
 r - 3 potions of curing
 u - a potion of invisibility
 C - 3 potions of cancellation
 F - 5 potions of mutation
 G - 4 potions of might
 I - a potion of heal wounds
 J - a potion of lignification
 Q - 2 potions of resistance
Miscellaneous
 j - a phial of floods
 x - a piece from Xom's chessboard (14/15)
 Z - a lightning rod (4/4)


   Skills:
 + Level 12.0 Fighting
 + Level 9.7 Axes
 + Level 5.3 Ranged Weapons
 + Level 10.8 Throwing
 + Level 10.7 Armour
 + Level 10.9 Dodging
 - Level 5.0 Stealth
 + Level 8.6 Shields
 - Level 8.0 Invocations
 + Level 11.5 Evocations


You had 15 spell levels left.
You didn't know any spells.
Your spell library contained the following spells:

 Spells                   Type           Power      Damage    Failure   Level
 Apportation              Tloc           0%         N/A       97%         1
 Beastly Appendage        Tmut           0%         N/A       97%         1
 Ensorcelled Hibernation  Hex/Ice        0%         N/A       99%         2
 Sublimation of Blood     Necr           0%         N/A       99%         2
 Wereblood                Tmut           0%         N/A       99%         2
 Call Canine Familiar     Summ           0%         N/A       100%        3
 Ignite Poison            Fire/Tmut/Pois 0%         N/A       100%        3
 Inner Flame              Hex/Fire       0%         N/A       100%        3
 Kindle Blastsparks       Fire/Tloc/Air  0%         2d10      100%        3
 Ozocubu's Armour         Ice            0%         N/A       100%        3
 Portal Projectile        Hex/Tloc       0%         N/A       100%        3
 Spider Form              Tmut/Pois      0%         N/A       100%        3
 Airstrike                Air            0%         2d(0-16)  100%        4
 Anguish                  Hex/Necr       0%         N/A       100%        4
 Flame Wave               Conj/Fire      0%         2d4       100%        4
 Fulminant Prism          Conj/Hex       0%         3d5       100%        4
 Iskenderun's Mystic Bla  Conj/Tloc      0%         2d3       100%        4
 Leda's Liquefaction      Hex/Erth       0%         N/A       100%        4
 Petrify                  Tmut/Erth      0%         N/A       100%        4
 Sticky Flame             Conj/Fire      0%         2d3       100%        4
 Summon Lightning Spire   Summ/Air       0%         N/A       100%        4
 Alistair's Intoxication  Tmut/Pois      0%         N/A       100%        5
 Freezing Cloud           Conj/Ice/Air   0%         6-21      100%        5
 Irradiate                Conj/Tmut      0%         3d11      100%        5
 Lee's Rapid Deconstruct  Erth           0%         3d4*      100%        5
 Lightning Bolt           Conj/Air       0%         1d11      100%        5
 Metabolic Englaciation   Hex/Ice        0%         N/A       100%        5
 Simulacrum               Ice/Necr       0%         N/A       100%        6
 Statue Form              Tmut/Erth      0%         N/A       100%        6
 Storm Form               Tmut/Air       0%         N/A       100%        7
 Summon Hydra             Summ           0%         N/A       100%        7
 Maxwell's Capacitive Co  Air            0%         ∞         100%        8


Dungeon Overview and Level Annotations

Branches:
Dungeon (15/15)            Temple (1/1) D:7            Lair (5/5) D:8
 Shoals (0/4) Lair:3        Snake (0/4) Lair:3        Slime (0/5) Lair:4
    Orc (2/2) D:10            Elf (1/3) Orc:2        Vaults (0/5) D:14
 Depths (0/4) D:15         Bailey (visited)           IceCv (visited)

Altars:
Ashenzari
Cheibriados
Dithmenos
Gozag
Hepliaklqana
Okawaru
Qazlal
Sif Muna
Trog
Uskayaw
Vehumet
Wu Jian
Xom
Yredelemnul

Shops:
D:7 (   D:13 *?   Orc:2 [(*:!!*

Annotations:
Elf:1 Zenata


Innate Abilities, Weirdness & Mutations

Your life essence is reduced to manifest your ancestor. (-10% HP)
You have a pair of antennae on your head.
You are mostly covered in sharp spines.
When hurt, damage is shared between your health and your magic reserves.
You regenerate magic rapidly.
When low on magic, you restore magic in place of health.
When seriously injured, your blood forms very thick armour. (AC +12)


Message History

The +6 long sword of holy wrath hits you.
* * * LOW HITPOINT WARNING * * *
You convulse.
* * * LOW HITPOINT WARNING * * *
The +3 dire flail of protection misses you.
The +2 battleaxe of venom is struck by your spines.
The +2 battleaxe of venom hits you but does no damage.
You are more poisoned.
The +6 long sword of holy wrath hits you.
* * * LOW HITPOINT WARNING * * *
You convulse.
* * * LOW HITPOINT WARNING * * *
The +3 dire flail of protection hits you.
* * * LOW HITPOINT WARNING * * *
You slash Zenata!
You feel better.
Zenata is almost dead.
You slice the +3 dire flail of protection!!
You slash the +1 war axe of venom!
You slash the +6 long sword of holy wrath!
You hit the +2 battleaxe of venom.
You feel very sick. The +1 war axe of venom hits you!
* * * LOW HITPOINT WARNING * * *
You are more poisoned.
The +2 battleaxe of venom is struck by your spines.
The +2 battleaxe of venom hits you but does no damage.
You are more poisoned.
You block the +6 long sword of holy wrath's attack.
The +3 dire flail of protection hits you!
* * * LOW HITPOINT WARNING * * *
Zenata sends weapons flying into battle!
The +1 war axe of venom hits you.
* * * LOW HITPOINT WARNING * * *
The +2 battleaxe of venom is struck by your spines.
The +2 battleaxe of venom hits you!
* * * LOW HITPOINT WARNING * * *
You are more poisoned.
The +6 long sword of holy wrath is struck by your spines.
The +6 long sword of holy wrath hits you!
You die...

### #.....# #.# #.....#
#.# #..⌠..# ##'# #.....#
...####### ##.....##
...a.....########[#######
....####......#.((..#....
....# #..(...#()(..#....
R...# #..(⌠.((a@<..'..⌠.
###+# #......#((...#....
#......#.....#....
##########'#######
##.....## #.....# #..⌠..#
#.....#


You could see Zenata and 8 dancing weapons.

Vanquished Creatures
  Agnes (Orc:2)
  The ghost of p00ps00p the Severer, a journeyman HOFi of Gozag (D:13)
  A reaper (IceCv)
  The ghost of baller8008 the Brawler, a journeyman TrBe of Trog (D:13)
  A crystal guardian (D:12)
  Snorg (D:13)
  An ogre mage (Orc:2)
  3 centaur warriors
  3 vault guards (D:14)
  2 hydras
  2 boulder beetles
  2 catoblepae (Lair:3)
  A death knight (D:14)
  A dancing weapon (Elf:1)
  8 death yaks
  5 two-headed ogres
  2 tengu warriors (D:14)
  Urug (Lair:3)
  Amaemon (Lair:1)
  A deep elf knight (D:14)
  Pikel (D:8)
  4 orc knights
  A wizard (D:14)
  A swamp dragon (Lair:5)
  5 ugly things
  A wolf spider (D:15)
  A faun (Lair:2)
  5 deep elf pyromancers
  4 deep elf zephyrmancers
  2 manticores (D:14)
  3 cyclopes
  2 elephants
  4 black mambas
  A guardian serpent (Lair:5)
  9 cane toads
  A yaktaur (shapeshifter) (D:15)
  A tengu conjurer (D:14)
  2 rime drakes
  9 komodo dragons
  An anaconda simulacrum (IceCv)
  2 trolls
  3 hornets
  Grinder (D:6)
  12 blink frogs
  13 slime creatures
  A vampire (D:13)
  2 wraiths
  Sigmund (D:2)
  10 wyverns
  3 basilisks
  22 yaks
  Eustachio (D:4)
  A steam dragon (D:7)
  A redback (Lair:5)
  3 vampire mosquitoes (D:13)
  Edmund (D:5)
  3 wargs
  4 acid dragons
  15 water moccasins
  A hydra simulacrum (IceCv)
  17 orc warriors
  5 ice beasts (D:8)
  A black bear (D:6)
  32 wolves
  6 centaurs
  20 ogres
  4 lemures (D:8)
  6 bullfrogs
  A phantom (D:5)
  A gnoll sergeant (D:9)
  2 scorpions
  A two-headed ogre simulacrum (IceCv)
  2 necrophages
  2 cane toad simulacra (IceCv)
  10 wights
  4 elephant simulacra (IceCv)
  7 killer bees (D:9)
  3 howler monkeys
  A gnoll bouda (D:7)
  5 hounds
  12 orc priests
  3 jellies
  Crazy Yiuf (D:2)
  6 iguanas
  14 orc wizards
  4 troll simulacra
  2 hell rats (Lair:3)
  7 spriggan simulacra (IceCv)
  A polar bear simulacrum (IceCv)
  2 wolf simulacra (IceCv)
  12 gnolls
  7 adders
  4 naga simulacra (IceCv)
  2 white imps (IceCv)
  3 ufetubi
  2 worms
  2 dart slugs
  55 orcs
  10 ball pythons
  7 endoplasms
  5 giant cockroaches
  8 goblins
  13 hobgoblins
  3 jackals (D:4)
  22 kobolds
  2 quokkas (D:4)
  3 training dummies (D:7)
  5 bats
  10 frilled lizards
  8 rats
562 creatures vanquished.

Vanquished Creatures (collateral kills)
  A crystal guardian (D:12)
  A fire dragon (Lair:5)
  3 ogre magi
  A vault guard (D:14)
  2 hydras
  2 boulder beetles
  8 two-headed ogres
  8 death yaks
  2 tengu warriors
  4 skeletal warriors
  An orange crystal statue (D:12)
  A wizard (D:14)
  2 deep elf pyromancers
  An orc knight (D:14)
  A wolf spider (Lair:5)
  An oklob plant (Lair:3)
  4 ugly things
  2 cyclopes
  A manticore (D:12)
  9 slime creatures
  3 black mambas
  5 elephants
  An orange demon (Lair:2)
  A cane toad (shapeshifter) (D:15)
  An ice statue (IceCv)
  7 cane toads
  A gargoyle (D:12)
  7 komodo dragons
  An unseen horror (D:11)
  A kobold demonologist (D:12)
  A rime drake (Lair:2)
  A yaktaur (D:14)
  A tengu conjurer (D:15)
  2 trolls
  A polar bear (Lair:3)
  13 blink frogs
  4 dream sheep (Lair:5)
  A hornet (Lair:5)
  A tarantella (shapeshifter) (D:15)
  2 shadows
  5 wyverns
  26 yaks
  5 basilisks
  2 vampire mosquitoes (D:13)
  A redback (Lair:5)
  A warg (Orc:2)
  2 acid dragons
  9 water moccasins
  5 orc warriors
  3 swamp drakes (Lair:5)
  7 ogres
  13 wolves
  3 centaurs
  6 bullfrogs
  3 two-headed ogre simulacra (IceCv)
  A cane toad simulacrum (IceCv)
  An elephant simulacrum (IceCv)
  A killer bee (D:9)
  6 orc priests
  4 iguanas (Lair:5)
  8 orc wizards
  4 hell rats (Lair:3)
  2 spriggan simulacra
  2 troll simulacra (IceCv)
  2 wolf simulacra (IceCv)
  4 naga simulacra
  3 white imps (IceCv)
  An ufetubus (IceCv)
  16 orcs
  A bat (D:13)
  A hobgoblin (Bailey)
  A kobold (Bailey)
259 creatures vanquished.

Vanquished Creatures (others)
  A rime drake (Lair:3)
  2 vampires (D:13)
  A water moccasin (Lair:3)
  An ogre (Orc:2)
  4 ancestors
  32 battlemagi
  41 fungi
  86 plants
168 creatures vanquished.

Grand Total: 989 creatures vanquished

Notes
Turn   | Place    | Note
-------+----------+-------------------------------------------
     0 | D:5      | flotson the Demonspawn Delver began the quest for the Orb.
     0 | D:5      | Reached XP level 1. HP: 18/18 MP: 1/1
    64 | D:5      | Noticed an iguana
    87 | D:4      | Noticed an ogre
    91 | D:4      | Noticed an orc wizard
   101 | D:4      | Noticed an iguana
   108 | D:4      | Noticed Eustachio
   108 | D:4      | Noticed an orc priest
   108 | D:4      | Noticed an orc wizard
   108 | D:4      | Noticed an iguana
   353 | D:3      | Gained mutation: You regenerate magic rapidly. [demonic
                  | ancestry]
   353 | D:3      | Reached XP level 2. HP: 24/24 MP: 2/2
   525 | D:2      | Found an opulent altar of Gozag.
   703 | D:1      | Gained mutation: When seriously injured, your blood forms
                  | armour. (AC +12) [demonic ancestry]
   703 | D:1      | Reached XP level 3. HP: 29/29 MP: 3/3
   775 | D:1      | Reached skill level 1 in Evocations
   961 | D:1      | Reached skill level 1 in Armour
  1233 | D:2      | Noticed Sigmund
  1329 | D:2      | Reached XP level 4. HP: 35/35 MP: 4/4
  1384 | D:2      | Found a faded altar of an unknown god.
  1407 | D:2      | Killed Sigmund
  1408 | D:2      | Reached skill level 1 in Throwing
  1408 | D:2      | Reached skill level 5 in Stealth
  1408 | D:2      | Reached XP level 5. HP: 36/42 MP: 5/5
  1666 | D:2      | Found a runed translucent door.
  1667 | D:2      | Noticed Crazy Yiuf
  1676 | D:2      | Killed Crazy Yiuf
  1864 | D:3      | Gained mutation: When seriously injured, your blood forms
                  | thick armour. (AC +12) [demonic ancestry]
  1864 | D:3      | Reached XP level 6. HP: 47/48 MP: 6/6
  1869 | D:3      | Found an ornate altar of the Wu Jian Council.
  1871 | D:3      | Found a radiant altar of Vehumet.
  1872 | D:3      | Found a shimmering altar of Xom.
  1959 | D:3      | Reached skill level 4 in Fighting
  2980 | D:4      | Killed Eustachio
  2981 | D:4      | Gained mutation: You are partially covered in sharp spines.
                  | [demonic ancestry]
  2981 | D:4      | Reached XP level 7. HP: 27/55 MP: 7/7
  4383 | D:5      | Gained mutation: You have a pair of small antennae on your
                  | head. [demonic ancestry]
  4383 | D:5      | Reached XP level 8. HP: 35/61 MP: 8/8
  4542 | D:5      | Noticed Edmund
  4553 | D:5      | Reached skill level 5 in Fighting
  4571 | D:5      | Killed Edmund
  4772 | D:5      | Identified the +0 pair of boots of the Snake Pit {-Cast
                  | rElec rC+ rN++}
  5572 | D:6      | Found a stormy altar of Qazlal.
  5685 | D:6      | Noticed Grinder
  5694 | D:6      | Paralysed by Grinder for 4 turns
  5700 | D:6      | Killed Grinder
  5792 | D:6      | Found a basalt altar of Yredelemnul.
  5963 | D:6      | Reached skill level 5 in Dodging
  5963 | D:6      | Reached XP level 9. HP: 69/69 MP: 9/9
  6296 | D:7      | Reached skill level 5 in Evocations
  6344 | D:7      | Reached skill level 6 in Fighting
  6674 | D:7      | Reached skill level 5 in Throwing
  6759 | D:7      | Reached skill level 5 in Armour
  6854 | D:7      | Found an iron altar of Okawaru.
  6968 | D:7      | Found a staircase to the Ecumenical Temple.
  6974 | Temple   | Entered the Ecumenical Temple
  6990 | Temple   | Became a worshipper of Hepliaklqana the Forgotten
  7232 | D:7      | Found Plog's Firing Range.
  7254 | D:7      | Bought 2 javelins for 25 gold pieces
  7254 | D:7      | Bought a throwing net for 48 gold pieces
  7479 | D:8      | Reached skill level 1 in Invocations
  7495 | D:8      | Found a staircase to the Lair.
  7552 | D:8      | Noticed a rime drake
  7560 | D:8      | Killed a rime drake
  7670 | D:8      | Gained mutation: When hurt, damage is shared between your
                  | health and your magic reserves. [demonic ancestry]
  7670 | D:8      | Reached XP level 10. HP: 77/77 MP: 12/12
  7682 | D:8      | Noticed Pikel
  7762 | D:8      | Killed Pikel
  7763 | D:8      | Reached skill level 7 in Fighting
  8451 | D:8      | Reached * piety under Hepliaklqana
  8606 | D:9      | Found a flagged portal.
  8710 | Bailey   | Entered a bailey
  8805 | Bailey   | Noticed an orc knight
  8820 | Bailey   | Killed an orc knight
  8821 | Bailey   | Reached skill level 5 in Invocations
  8903 | Bailey   | Noticed an orc knight
  8920 | Bailey   | Killed an orc knight
  8937 | Bailey   | Noticed an orc knight
  8976 | Bailey   | Killed an orc knight
  8977 | Bailey   | Reached XP level 11. HP: 46/76 MP: 9/15
  9449 | D:9      | Reached ** piety under Hepliaklqana
  9450 | D:9      | Remembered your ancestor Edwyna as a battlemage
 10044 | D:9      | Reached skill level 1 in Shields
 10141 | D:10     | Entered Level 10 of the Dungeon
 10146 | D:10     | Found a staircase to the Orcish Mines.
 10591 | D:10     | Reached skill level 8 in Fighting
 10620 | D:10     | Found a shimmering blue altar of Sif Muna.
 10886 | Lair:1   | Entered Level 1 of the Lair of Beasts
 11026 | Lair:1   | Reached *** piety under Hepliaklqana
 11618 | Lair:2   | Reached skill level 5 in Axes
 11683 | Lair:2   | Noticed Amaemon
 12009 | Lair:2   | Gained mutation: You are mostly covered in sharp spines.
                  | [demonic ancestry]
 12009 | Lair:2   | Reached XP level 12. HP: 74/84 MP: 14/17
 12143 | Lair:2   | Noticed a death yak
 12144 | Lair:2   | Noticed a death yak
 12144 | Lair:2   | Noticed a death yak
 12147 | Lair:2   | Noticed a death yak
 12172 | Lair:1   | Killed a death yak
 12223 | Lair:1   | Killed Amaemon
 12579 | Lair:2   | Killed a death yak
 12700 | Lair:2   | Killed a death yak
 12701 | Lair:2   | Reached skill level 9 in Fighting
 12703 | Lair:2   | Killed a death yak
 12871 | Lair:3   | Noticed a catoblepas
 13114 | Lair:3   | Killed a catoblepas
 13192 | Lair:3   | Reached **** piety under Hepliaklqana
 13267 | Lair:3   | Noticed Urug
 13280 | Lair:3   | Killed Urug
 13386 | Lair:3   | Noticed a catoblepas
 13425 | Lair:3   | Killed a catoblepas
 13426 | Lair:3   | Gained mutation: You have a pair of antennae on your head.
                  | [demonic ancestry]
 13426 | Lair:3   | Reached XP level 13. HP: 68/90 MP: 12/19
 13548 | Lair:3   | Found a staircase to the Snake Pit.
 13700 | Lair:3   | Found a staircase to the Shoals.
 14239 | Lair:3   | Reached skill level 5 in Shields
 15175 | Lair:4   | Reached skill level 10 in Fighting
 15442 | Lair:4   | Found a staircase to the Slime Pits.
 15605 | Lair:5   | Entered Level 5 of the Lair of Beasts
 15926 | Lair:5   | Reached ***** piety under Hepliaklqana
 15932 | Lair:5   | Identified the +0 pair of gloves of the Cartwright {Will+
                  | Stlth+}
 15957 | Lair:5   | Reached XP level 14. HP: 99/99 MP: 20/20
 16414 | Lair:4   | Reached skill level 10 in Evocations
 17232 | Orc:1    | Entered Level 1 of the Orcish Mines
 17397 | Orc:2    | Entered Level 2 of the Orcish Mines
 17397 | Orc:2    | Found Ceul's Armour Shoppe.
 17757 | Orc:1    | Reached skill level 11 in Fighting
 18133 | Orc:2    | Found Zoighom's Antique Weapon Shop.
 18235 | Orc:2    | Found Edub's Distillery.
 18235 | Orc:2    | Found Gootaet's Distillery.
 18236 | Orc:2    | Found Ickuceut's Book Emporium.
 18236 | Orc:2    | Found Aletunan's Assorted Antiques.
 18245 | Orc:2    | Bought a scroll of identify for 54 gold pieces
 18245 | Orc:2    | Bought a sapphire potion for 24 gold pieces
 18379 | Orc:2    | Found a staircase to the Elven Halls.
 18406 | Orc:2    | Gained mutation: When seriously injured, your blood forms
                  | very thick armour. (AC +12) [demonic ancestry]
 18406 | Orc:2    | Reached XP level 15. HP: 106/106 MP: 21/21
 18594 | Orc:2    | Found Ceetzel's General Store.
 18600 | Orc:2    | Bought a scroll of teleportation for 45 gold pieces
 18602 | Orc:2    | Bought a +2 pair of boots of stealth for 322 gold pieces
 18778 | Orc:2    | Bought a +4 ring mail of willpower for 372 gold pieces
 18844 | D:11     | Found a frozen archway.
 18872 | IceCv    | Entered an ice cave
 18890 | IceCv    | Reached skill level 10 in Dodging
 19494 | D:11     | Reached skill level 10 in Throwing
 19970 | D:12     | Reached skill level 10 in Armour
 19973 | D:12     | Reached skill level 1 in Ranged Weapons
 20098 | D:12     | Reached ****** piety under Hepliaklqana
 20119 | D:12     | Found a runed translucent door.
 20646 | D:12     | Identified the +6 long sword of the Beginning {drain,
                  | Int+3}
 20652 | D:12     | Identified the amulet "Luxkath" {rC- Regen+ Str+5 Dex+6}
 20678 | D:12     | Identified the ring of the Firefly {rCorr Str+3}
 20699 | D:12     | Identified the ring "Nieddimedi" {rC+ Slay+2}
 20854 | D:13     | Found a runed translucent gate.
 20854 | D:13     | Found a runed translucent gate.
 20856 | D:13     | Found a runed translucent gate.
 20858 | D:13     | Noticed baller8008's ghost (journeyman TrBe)
 20858 | D:13     | Noticed p00ps00p's ghost (journeyman HOFi)
 20918 | D:13     | Noticed Snorg
 20925 | D:13     | Killed Snorg
 21118 | D:13     | Found Hefablist's Magic Scroll Shoppe.
 21128 | D:13     | Bought a scroll of identify for 34 gold pieces
 21128 | D:13     | Bought a scroll of identify for 34 gold pieces
 21128 | D:13     | Bought a scroll of fear for 68 gold pieces
 21499 | D:13     | Found Hufosch's Blood Bar.
 21665 | D:7      | Bought a manual of Ranged Weapons for 1280 gold pieces
 22093 | D:13     | Killed baller8008's ghost
 22104 | D:13     | Killed p00ps00p's ghost
 22646 | D:14     | Found a gate to the Vaults.
 23063 | D:15     | Entered Level 15 of the Dungeon
 23513 | D:15     | Gained mutation: When low on magic, you restore magic in
                  | place of health. [demonic ancestry]
 23513 | D:15     | Reached XP level 16. HP: 114/114 MP: 22/22
 23731 | D:15     | Found a staircase to the Depths.
 24218 | Elf:1    | Entered Level 1 of the Elven Halls
 24225 | Elf:1    | Reached skill level 5 in Ranged Weapons
 24234 | Elf:1    | Reached skill level 12 in Fighting
 24331 | Elf:1    | Noticed Agnes
 24331 | Elf:1    | Noticed Zenata
 24359 | Orc:2    | Killed Agnes
 24421 | Elf:1    | HP: 3/171 [+2 battleaxe of venom[Zenata] (12)]
 24421 | Elf:1    | Mangled by a +6 long sword of holy wrath

Illustrated notes

Levels and vault maps discovered:
D:1:      dpeg_arrival_prison, layout_rooms
D:2:      layout_rooms, chequers_ecumenical_altar_island, basic_altar,
          uniq_sigmund, uniq_crazy_yiuf_cottage
D:3:      layout_loops_cross, minitemple,
          nicolae_concentric_dashed_squares_wild, hangedman_decor_points,
          serial_bayou_crossing
D:4:      layout_loops_ring, chequers_serial_rivers_micro_d, uniq_eustachio
D:5:      layout_cave_pods, uniq_edmund
D:6:      layout_loops_ring, nicolae_qazlal_eye_of_the_storm,
          lemuel_crystal_altar, chequers_serial_rivers_room_a, uniq_grinder
D:7:      layout_loops_ring, okawaru_gym_becter, minmay_temple_entry_hall,
          nicolae_shop_firing_range
D:8:      layout_layer_cave, hellmonk_lair_entry_icy, uniq_pikel
D:9:      layout_basic, enter_bailey_2, kennysheep_pointless_box
D:10:     layout_roguey, marbit_many_paths, david_orc_2, solitary_fountain
D:11:     layout_rooms, portal_ice_cave_entry_ice_simulacra
D:12:     layout_cave_pools, minmay_crystal_box
D:13:     layout_loops_corners, serial_shops, nicolae_stop_n_shop_1,
          gammafunk_ghost_cemetery, guppyfry_shop_blood, uniq_snorg
D:14:     layout_gridville, grunt_vaults_entry_fortified,
          infiniplex_staircase_pool
D:15:     hangedman_depths_entry_try_elsewhere_first, layout_stronghold,
          chequers_arboretum
Temple:   nicolae_temple_great_sept
Lair:1:   layout_loops_ring
Lair:2:   layout_roguey, grunt_forest_large_clearings, uniq_amaemon
Lair:3:   layout_small_grid, minmay_shoals_entry_centaurs, dummy_snake_entry,
          uniq_urug
Lair:4:   layout_regular_city, dpeg_slime_entry_enclosed,
          infiniplex_staircase_pool_2, grunt_megastairs_5
Lair:5:   hangedman_lair_tendril_chambers, layout_cave_shapes,
          guppyfry_lair_end_dragon, kennysheep_basilisk_garden
Orc:1:    layout_caves, basic_altar
Orc:2:    st_orc_ogre_mass, layout_diamond_mine, serial_shops, shop,
          nicolae_shop_advertising_works [nicolae_subvault_shop_adworks],
          nicolae_shop_hallway_stairs
Elf:1:    minmay_elf_arrival_plus, layout_geoelf_diagonals,
          ploomutoo_gammafunk_ghost_potion_laboratory, minmay_elf_annihilation,
          uniq_agnes, uniq_zenata

Skill      XL: |  1  2  3  4  5  6  7  8  9 10 11 12 13 14 15 16 |
---------------+-------------------------------------------------+-----
Dodging        | 2 3 4 5 6 7 8 9 10 | 10.9
Evocations     | 1 2 3 4 6 7 8 9 10 11 | 11.5
Armour         | 1 2 3 4 5 6 7 8 9 10 | 10.7
Throwing       | 1 2 3 4 5 6 7 8 9 10 | 10.8
Stealth        | 5 |  5.0
Fighting       | 4 5 6 7 8 9 10 11 12 | 12.0
Axes           | 3 4 5 6 7 8 9 |  9.7
Invocations    | 3 5 7 8 |  8.0
Shields        | 3 4 6 7 8 |  8.6
Ranged Weapons | 4 5 |  5.3

Action                   |  1- 3 |  4- 6 |  7- 9 | 10-12 | 13-15 | 16-18 || total
-------------------------+-------+-------+-------+-------+-------+-------++-------
Melee: Hand axe          |    24 |       |       |       |       |       ||    24
       Mace              |   151 |    22 |       |       |       |       ||   173
       Punch             |       |     1 |       |       |       |       ||     1
       Quarterstaff      |       |    90 |   139 |       |       |       ||   229
       Battleaxe         |       |       |    60 |   133 |       |       ||   193
       Broad axe         |       |       |       |   279 |   802 |    75 ||  1156
       Scimitar          |       |       |       |       |     2 |       ||     2
 Fire: Hand crossbow     |       |       |       |       |    49 |    16 ||    65
Throw: Dart              |       |    26 |     9 |    27 |       |       ||    62
       Javelin           |       |       |     2 |       |    18 |     7 ||    27
       Boomerang         |       |       |     9 |    33 |       |       ||    42
Invok: Recall Ancestor   |       |       |       |     3 |     9 |     2 ||    14
       Ancestor Life: Ba |       |       |       |     1 |       |       ||     1
Evoke: Wand              |     1 |       |       |       |       |       ||     1
       Piece from Xom's  |       |       |       |       |       |     1 ||     1
  Use: Scroll            |     2 |       |       |    17 |    20 |     1 ||    40
       Potion            |     1 |       |       |     3 |     2 |     3 ||     9
 Stab: Sleeping          |     1 |     2 |     2 |     2 |     7 |     2 ||    16
       Distracted        |     1 |     2 |       |     4 |    24 |     1 ||    32
       Petrified         |       |       |       |     1 |       |       ||     1
Armor: Chain mail        |    74 |       |       |   229 |   240 |       ||   543
       Leather armour    |     2 |       |       |       |       |       ||     2
       Scale mail        |    52 |    43 |   126 |    91 |       |       ||   312
       Ring mail         |       |       |       |       |    91 |    54 ||   145
       Ice dragon scales |       |       |       |       |     5 |       ||     5
Dodge: Dodged            |    84 |    82 |   145 |   372 |   495 |    64 ||  1242
Block: Buckler           |       |       |       |   128 |   264 |       ||   392
       Tower shield      |       |       |       |       |   124 |   130 ||   254

Table legend: (Time is in decaauts)
 A = Elapsed time spent in this place.
 B = Non-inter-level travel time spent in this place.
 C = Inter-level travel time spent in this place.
 D = Time resting spent in this place.
 E = Time spent auto-exploring this place.
 F = Levels seen in this place.
 G = Mean time per level.
                   A        B        C        D        E       F      G
               +--------+--------+--------+--------+--------+-----+--------+
         Total |  25085 |  23558 |   1527 |   1367 |  15955 |  26 |  964.8 |
       Dungeon |  15588 |  14500 |   1088 |    340 |  10761 |  15 | 1039.2 |
        Temple |     28 |     16 |     12 |      0 |     10 |   1 |   28.0 |
          Lair |   6477 |   6162 |    315 |    578 |   3833 |   5 | 1295.4 |
  Orcish Mines |   1786 |   1676 |    110 |    432 |    799 |   2 |  893.0 |
   Elven Halls |    104 |    104 |      0 |      0 |     26 |   1 |  104.0 |
        Bailey |    524 |    524 |      0 |      0 |    298 |   1 |  524.0 |
      Ice Cave |    576 |    576 |      0 |     17 |    227 |   1 |  576.0 |
               +--------+--------+--------+--------+--------+-----+--------+

Top non-repeatable levels by time:
     D:4: 1686 daAuts
  Lair:3: 1661 daAuts
     D:5: 1552 daAuts
     D:8: 1467 daAuts
  Lair:4: 1460 daAuts
    D:13: 1196 daAuts
  Lair:2: 1174 daAuts
  Lair:5: 1164 daAuts
     D:9: 1128 daAuts
   Orc:2: 1114 daAuts
     D:7: 1102 daAuts
    D:15: 1033 daAuts
  Lair:1: 1015 daAuts
     D:3: 1006 daAuts
    D:14: 959 daAuts
